 Dungeon Crawl Stone Soup version 0.29-a0-352-g0917bc69df (webtiles) character file.

Game seed: 16702738894535582357

2 NinjaNoafa the Slasher (level 1, -1/20 HPs)
             Began as a Minotaur Monk on Apr 24, 2022.
             Slain by a goblin
             ... wielding a +0 club
              (3 damage)
             ... on level 1 of the Dungeon.
             The game lasted 00:01:21 (165 turns).

NinjaNoafa the Slasher (Minotaur Monk)               Turns: 165, Time: 00:01:22

Health: -1/20      AC:  2    Str: 15    XL:     1   Next: 33%
Magic:  0/0        EV: 12    Int:  7    God:
Gold:   10         SH:  0    Dex: 12    Spells: 0/0 levels left

rFire   . . .      SeeInvis .   a - +0 falchion
rCold   . . .      Faith    .   (no shield)
rNeg    . . .      Spirit   .   b - +0 robe
rPois   .          Reflect  .   (helmet restricted)
rElec   .          Harm     .   (no cloak)
rCorr   .          Rampage  .   (no gloves)
Will    .....                   (no boots)
Stlth   ++........              (no amulet)
HPRegen 0.06/turn               (no ring)
MPRegen 0.07/turn               (no ring)

@: no status effects
A: horns 2, retaliatory headbutt
a: no special abilities


You were on level 1 of the Dungeon.
You visited 1 branch of the dungeon, and saw 1 of its levels.

You collected 10 gold pieces.

Inventory:

Hand Weapons
 a - a +0 falchion (weapon)
Armour
 b - a +0 robe (worn)
Potions
 c - a potion of ambrosia
 d - 2 potions of brilliance {unknown}
 e - a potion of cancellation {unknown}
 f - a potion of heal wounds {unknown}


   Skills:
 + Level 3.6 Fighting
 + Level 3.7 Long Blades
 + Level 3.3 Dodging
 + Level 1.6 Stealth


You couldn't memorise any spells.
You didn't know any spells.
Your spell library was empty.

Dungeon Overview and Level Annotations

Branches:
Dungeon (1/15)

Altars:


Innate Abilities, Weirdness & Mutations

You have a pair of horns on your head.
You reflexively headbutt those who attack you in melee.


Message History

The bat hits you but does no damage. The goblin hits you with a +0 dagger.
The kobold throws a stone.
The stone barely misses you.
You barely miss the goblin.
The goblin is heavily wounded.
The bat misses you. The goblin hits you with a +0 dagger.
You hit the goblin. Your headbutt misses the goblin.
The goblin is heavily wounded.
The bat hits you. The goblin hits you but does no damage.
The goblin hits you with a +0 club.
You are too injured to fight recklessly!
You are too injured to fight recklessly!
You are too injured to fight recklessly!
You are too injured to fight recklessly!
You are too injured to fight recklessly!
You are too injured to fight recklessly!
You are too injured to fight recklessly!
The goblin hits you with a +0 dagger.
The kobold throws a stone.
The stone barely misses you. The goblin barely misses you.
The bat closely misses you.
You can't go down here!
There are monsters nearby!
The bat barely misses you. The goblin hits you with a +0 dagger.
* * * LOW HITPOINT WARNING * * *
The goblin hits you with a +0 club.
* * * LOW HITPOINT WARNING * * *
The goblin closely misses you.
The kobold throws a stone.
The stone closely misses you.
The stone hits the bat.
The goblin misses you. The bat hits you but does no damage.
You miss the bat.
The bat is severely wounded.
The bat hits you but does no damage. The bat barely misses you.
The goblin barely misses you. The goblin hits you but does no damage.
The bat closely misses you. You furiously retaliate!
You headbutt the bat.
You kill the bat!
The kobold hits you with a +0 dagger.
* * * LOW HITPOINT WARNING * * *
The goblin closely misses you. x2
The goblin hits you but does no damage. The goblin attacks as you move away!
The goblin hits you with a +0 club.
You die...

.. .. .. .. ... #.# .###
#.. ...#####......# #.#
#.. .....#..#.# #.# #.#
#.##....... #.# #.#
#.##.#..# #.#
#.###.......#
#.#######...g.†.....#.#
#.........†@gK....:...#
#.†.#########.##........
#.#.# ...........##
######.######.#####.##..##
###.........P.# #.# ...#
................ ### ..#
.§..≈≈≈P..≈≈≈... ...
§§≈§≈≈≈.P.≈≈≈≈≈≈ ###
§≈§≈≈≈≈P.P≈≈≈≈≈≈ ≈....#


You could see 2 goblins and a kobold.

Vanquished Creatures
  A hobgoblin (D:1)
  A bat (D:1)
  A rat (D:1)
3 creatures vanquished.

Notes
Turn   | Place    | Note
-------+----------+-------------------------------------------
     0 | D:1      | NinjaNoafa the Minotaur Monk began the quest for the Orb.
     0 | D:1      | Reached XP level 1. HP: 19/19 MP: 0/0
   160 | D:1      | HP: 1/20 [kobold/+0 dagger (1)]
   165 | D:1      | Slain by a goblin

Illustrated notes

Levels and vault maps discovered:
D:1:      dpeg_arrival_water_fire, layout_loops_ring,
          hellmonk_ecumenical_altar_pennies_from_heaven

Action                   || total
-------------------------++-------
Melee: Falchion          ||     9
Armor: Robe              ||     8
Dodge: Dodged            ||    19

Table legend: (Time is in decaauts)
 A = Elapsed time spent in this place.
 B = Non-inter-level travel time spent in this place.
 C = Inter-level travel time spent in this place.
 D = Time resting spent in this place.
 E = Time spent auto-exploring this place.
 F = Levels seen in this place.
 G = Mean time per level.
                   A        B        C        D        E       F      G
               +--------+--------+--------+--------+--------+-----+--------+
         Total |    166 |    166 |      0 |      0 |    117 |   1 |  166.0 |
       Dungeon |    166 |    166 |      0 |      0 |    117 |   1 |  166.0 |
               +--------+--------+--------+--------+--------+-----+--------+

Top non-repeatable levels by time:
     D:1: 166 daAuts
